 Dungeon Crawl Stone Soup version 0.28-a0-1235-g7c8fac35f0 (webtiles) character file.

Game seed: 10523809510827189696

1229 Gargoyl the Skirmisher (level 8, -4/56 (67) HPs)
             Began as a Gnoll Abyssal Knight on Dec 25, 2021.
             Was a Priest of Lugonu.
             Slain by a wight (7 damage)
             ... on level 6 of the Dungeon.
             The game lasted 00:06:56 (8064 turns).

Gargoyl the Skirmisher (Gnoll Abyssal Knight)       Turns: 8064, Time: 00:06:57

HP:   -4/56 (67)    AC: 11    Str: 14    XL:     8   Next: 48%
MP:   14/14         EV:  7    Int: 16    God:    Lugonu [***...]
Gold: 385           SH:  0    Dex: 13    Spells: 13/13 levels left

rFire   . . .      SeeInvis .   b - +2 falchion (drain)
rCold   . . .      Faith    .   (no shield)
rNeg    . . .      Spirit   .   q - +0 chain mail
rPois   .          Reflect  .   u - +0 helmet
rElec   .          Harm     .   (no cloak)
rCorr   .          Rampage  .   (no gloves)
Will    +....                   (no boots)
Stlth   ..........              (no amulet)
HPRegen 0.18/turn               v - +6 ring of intelligence
MPRegen 0.14/turn               (no ring)

@: heavily drained
A: fangs 1, strong nose, distributed training, high mp 1, strong-willed 1
a: Renounce Religion, Depart the Abyss, Bend Space, Banish


You were on level 6 of the Dungeon.
You worshipped Lugonu.
Lugonu was most pleased with you.
You visited 1 branch of the dungeon, and saw 7 of its levels.
You visited the Abyss 1 time.

You collected 385 gold pieces.

Inventory:

Hand Weapons
 a - a +2 hand axe
 b - a +2 falchion of draining (weapon)
 s - the +1 battleaxe "Tanuf" {venom, Str+2 Int+4 SInv}
   (You found it on level 5 of the Dungeon)

   It poisons the flesh of those it strikes.
   Str:       It affects your strength (+2).
   Int:       It affects your intelligence (+4).
   SInv:      It lets you see invisible.
Missiles
 h - 4 datura-tipped darts (quivered)
Armour
 q - a +0 chain mail (worn)
 u - a +0 helmet (worn)
Jewellery
 v - a +6 ring of intelligence (left hand)
Wands
 e - a wand of flame (10)
 p - a wand of charming (4)
 r - a wand of paralysis (11)
Scrolls
 g - a scroll of fear
 l - a scroll of identify
 m - 2 scrolls of teleportation
 n - a scroll of holy word {unknown}
 w - a scroll of noise {unknown}
Potions
 c - a potion of cancellation
 d - a potion of mutation
 f - a potion of flight {unknown}
 i - 2 potions of brilliance {unknown}
 j - 3 potions of haste {unknown}
 k - 2 potions of invisibility {unknown}
 o - 2 potions of heal wounds {unknown}
 t - a potion of magic {unknown}


   Skills:
 + Level 7.4 Fighting
 + Level 3.3 Short Blades
 + Level 3.3 Long Blades
 + Level 5.7 Axes
 + Level 3.3 Maces & Flails
 + Level 3.3 Polearms
 + Level 3.3 Staves
 + Level 3.3 Slings
 + Level 3.3 Bows
 + Level 3.3 Crossbows
 + Level 3.3 Throwing
 + Level 5.7 Armour
 + Level 4.2 Dodging
 + Level 3.3 Stealth
 + Level 3.3 Shields
 + Level 3.3 Unarmed Combat
 + Level 3.3 Spellcasting
 + Level 2.7 Conjurations
 + Level 2.7 Hexes
 + Level 2.7 Summonings
 + Level 2.7 Necromancy
 + Level 2.7 Translocations
 + Level 2.7 Transmutations
 + Level 2.7 Fire Magic
 + Level 2.7 Ice Magic
 + Level 2.7 Air Magic
 + Level 2.7 Earth Magic
 + Level 2.7 Poison Magic
 + Level 5.9 Invocations
 + Level 3.3 Evocations


You had 13 spell levels left.
You didn't know any spells.
Your spell library contained the following spells:

 Spells                   Type           Power      Damage    Failure   Level
 Slow                     Hex            44%        N/A       75%         1
 Sting                    Tmut/Pois      44%        1d5       75%         1
 Corpse Rot               Necr/Air       22%        N/A       87%         2
 Poisonous Vapours        Pois/Air       22%        N/A       87%         2
 Static Discharge         Conj/Air       11%        N/A       87%         2
 Confusing Touch          Hex            11%        N/A       98%         3
 Vampiric Draining        Necr           11%        2d6       98%         3
 Dispel Undead            Necr           11%        3d9       100%        4
 Olgreb's Toxic Radiance  Pois           11%        N/A       100%        4
 Sticky Flame             Conj/Fire      11%        2d3       100%        4
 Yara's Violent Unravell  Hex/Tmut       5%         3d4       100%        5


Dungeon Overview and Level Annotations

Branches:
Dungeon (7/15)             Temple (0/1) D:4

Altars:


Innate Abilities, Weirdness & Mutations

You have very sharp teeth.
Your uncanny sense of smell can sniff out nearby items.
Your experience applies equally to all skills.
You have an increased reservoir of magic. (+10% MP)
You are strong-willed. (Will+)


Message History

There is a stone staircase leading up here.
There are monsters nearby!
The wight hits you from afar with a +3 halberd!
You feel drained. The wight hits you with a +2 battleaxe.
You climb upwards.
There is a stone staircase leading down here.
You hit the wight but do no damage. The wight barely misses you.
You closely miss the wight. The wight hits you with a +2 battleaxe.
You feel drained.
You hit the wight but do no damage. Your bite misses the wight.
The wight barely misses you.
You completely miss the wight. The wight barely misses you.
You closely miss the wight. The wight hits you with a +2 battleaxe!
Unknown command.
You closely miss the wight. The wight barely misses you.
You closely miss the wight. The wight hits you with a +2 battleaxe.
You feel drained.
Unknown command.
You hit the wight.
The wight is moderately damaged.
The wight hits you with a +2 battleaxe.
You feel drained. The wight hits you but does no damage.
You closely miss the wight.
The wight is moderately damaged.
The wight hits you with a +2 battleaxe!
You feel drained.
Unknown command.
You completely miss the wight.
The wight is moderately damaged.
The wight hits you with a +2 battleaxe!
* * * LOW HITPOINT WARNING * * *
You feel drained.
* * * LOW HITPOINT WARNING * * *
You hit the wight.
The wight is heavily damaged.
The wight barely misses you.
Unknown command.
You hit the wight but do no damage. Your punch misses the wight.
The wight is heavily damaged.
The wight hits you with a +2 battleaxe!
You die...

....#.#### #...# #.... ###.#.#
#...# #.... ....#.# ########...#
#.... #####.# #..........# #....
......# #.######†### #....
.#############.# #.# #....
...............# #.#######....
#..........######## #.#..........
'...............@z# #.#..........
#..........######.###.#..........
#..........# #.....#..........
##.######### #######......>...
#.# #.......... #.# #..........
#.# #.......... #.# #.......(..
#.# #########..


You could see a wight.

Vanquished Creatures
  A steam dragon (D:6)
  A sky beast (D:6)
  A black bear (D:5)
  2 ice beasts
  A scorpion (D:6)
  3 water moccasin zombies
  A water moccasin skeleton (D:6)
  A centaur zombie (D:5)
  2 bullfrog zombies
  A hound (D:6)
  A jelly (D:5)
  Ijyb (D:4)
  3 orc wizards (D:6)
  2 hound zombies (D:5)
  3 gnolls (D:5)
  A howler monkey skeleton (D:5)
  7 adders
  An ufetubus (D:4)
  An adder zombie (D:5)
  3 adder skeletons
  A worm (D:4)
  2 dart slugs
  3 orcs
  5 endoplasms
  2 giant cockroaches
  9 goblins
  6 hobgoblins
  9 kobolds
  6 quokkas
  8 ball pythons
  5 bats
  6 frilled lizards
  9 rats
108 creatures vanquished.

Vanquished Creatures (others)
  A fungus (D:1)
1 creature vanquished.

Grand Total: 109 creatures vanquished

Notes
Turn   | Place    | Note
-------+----------+-------------------------------------------
     0 | Abyss:1  | Gargoyl the Gnoll Abyssal Knight began the quest for the
                  | Orb.
     0 | Abyss:1  | Reached XP level 1. HP: 23/23 MP: 3/3
   103 | Abyss:1  | Gained mutation: You are strong-willed. (Will+) [potion of
                  | mutation]
   103 | Abyss:1  | Gained mutation: You have an increased reservoir of magic.
                  | (+10% MP) [potion of mutation]
   121 | Abyss:1  | Found an ornate altar of the Wu Jian Council.
   129 | Abyss:1  | Noticed an ancient zyme
   131 | D:1      | Escaped the Abyss
   535 | D:1      | Reached * piety under Lugonu
   536 | D:1      | Reached XP level 2. HP: 18/29 MP: 5/5
  1275 | D:1      | Reached XP level 3. HP: 25/35 MP: 7/7
  2234 | D:2      | Reached ** piety under Lugonu
  2547 | D:2      | Reached skill level 1 in Short Blades
  2547 | D:2      | Reached skill level 1 in Long Blades
  2547 | D:2      | Reached skill level 1 in Maces & Flails
  2547 | D:2      | Reached skill level 1 in Polearms
  2547 | D:2      | Reached skill level 1 in Staves
  2547 | D:2      | Reached skill level 1 in Slings
  2547 | D:2      | Reached skill level 1 in Bows
  2547 | D:2      | Reached skill level 1 in Crossbows
  2547 | D:2      | Reached skill level 1 in Throwing
  2547 | D:2      | Reached skill level 1 in Stealth
  2547 | D:2      | Reached skill level 1 in Shields
  2547 | D:2      | Reached skill level 1 in Unarmed Combat
  2547 | D:2      | Reached skill level 1 in Spellcasting
  2547 | D:2      | Reached skill level 1 in Evocations
  2552 | D:2      | Reached XP level 4. HP: 41/41 MP: 8/8
  2568 | D:2      | Found a faded altar of an unknown god.
  3134 | D:3      | Reached skill level 1 in Conjurations
  3134 | D:3      | Reached skill level 1 in Hexes
  3134 | D:3      | Reached skill level 1 in Summonings
  3134 | D:3      | Reached skill level 1 in Necromancy
  3134 | D:3      | Reached skill level 1 in Translocations
  3134 | D:3      | Reached skill level 1 in Transmutations
  3134 | D:3      | Reached skill level 1 in Fire Magic
  3134 | D:3      | Reached skill level 1 in Ice Magic
  3134 | D:3      | Reached skill level 1 in Air Magic
  3134 | D:3      | Reached skill level 1 in Earth Magic
  3134 | D:3      | Reached skill level 1 in Poison Magic
  3745 | D:4      | Reached XP level 5. HP: 46/47 MP: 9/9
  3771 | D:4      | Noticed Ijyb
  3801 | D:4      | Killed Ijyb
  4606 | D:4      | Found a staircase to the Ecumenical Temple.
  4803 | D:5      | Entered Level 5 of the Dungeon
  4889 | D:5      | Reached *** piety under Lugonu
  4890 | D:5      | Reached skill level 5 in Invocations
  5009 | D:5      | Reached XP level 6. HP: 53/53 MP: 10/10
  5147 | D:5      | Reached skill level 5 in Axes
  5147 | D:5      | Reached skill level 5 in Armour
  5404 | D:5      | Noticed a black bear
  5413 | D:5      | Killed a black bear
  5414 | D:5      | Reached XP level 7. HP: 34/59 MP: 12/12
  5586 | D:5      | Reached skill level 7 in Fighting
  5700 | D:5      | Identified the +1 battleaxe "Tanuf" {venom, Str+2 Int+4
                  | SInv}
  6398 | D:4      | You fall into a shaft and drop 2 floors!
  7110 | D:6      | Reached XP level 8. HP: 63/67 MP: 13/13
  8062 | D:6      | HP: 2/56 [wight (5)]
  8064 | D:6      | Slain by a wight

Illustrated notes

Levels and vault maps discovered:
D:1:      dpeg_cavernosity, layout_basic, hangedman_decor_points,
          minmay_hexomino_c4
D:2:      layout_basic, nicolae_ecumenical_snake_handling
D:3:      layout_basic
D:4:      layout_rooms, minmay_temple_entry_statues, st_stairs_13, uniq_ijyb
D:5:      layout_basic, serial_undead, serial_undead_f, serial_undead_e,
          serial_undead_d, serial_undead_e, serial_undead_b, serial_undead_f
D:6:      layout_basic, roderic_serpentine_path
D:7:      minmay_chambers_of_sixes, layout_cave_pools,
          ebering_ghost_reflecting_pool

Skill      XL: |  1  2  3  4  5  6  7  8 |
---------------+-------------------------+-----
Short Blades   | 1 2 3 |  3.3
Long Blades    | 1 2 3 |  3.3
Maces & Flails | 1 2 3 |  3.3
Polearms       | 1 2 3 |  3.3
Staves         | 1 2 3 |  3.3
Slings         | 1 2 3 |  3.3
Bows           | 1 2 3 |  3.3
Crossbows      | 1 2 3 |  3.3
Throwing       | 1 2 3 |  3.3
Stealth        | 1 2 3 |  3.3
Shields        | 1 2 3 |  3.3
Unarmed Combat | 1 2 3 |  3.3
Spellcasting   | 1 2 3 |  3.3
Evocations     | 1 2 3 |  3.3
Conjurations   | 1 2 |  2.7
Hexes          | 1 2 |  2.7
Summonings     | 1 2 |  2.7
Necromancy     | 1 2 |  2.7
Translocations | 1 2 |  2.7
Transmutations | 1 2 |  2.7
Fire Magic     | 1 2 |  2.7
Ice Magic      | 1 2 |  2.7
Air Magic      | 1 2 |  2.7
Earth Magic    | 1 2 |  2.7
Poison Magic   | 1 2 |  2.7
Dodging        | 3 4 |  4.2
Invocations    | 5 |  5.9
Axes           | 5 |  5.7
Armour         | 5 |  5.7
Fighting       | 7 |  7.4

Action                   |  1- 3 |  4- 6 |  7- 9 || total
-------------------------+-------+-------+-------++-------
Melee: Hand axe          |   119 |   183 |       ||   302
       Bite              |    15 |    19 |    23 ||    57
       Punch             |       |     1 |     1 ||     2
       Falchion          |       |    33 |   171 ||   204
Invok: Depart the Abyss  |     1 |       |       ||     1
  Use: Potion            |     1 |     4 |       ||     5
       Scroll            |     3 |     7 |       ||    10
 Stab: Sleeping          |     2 |     4 |       ||     6
Armor: Leather armour    |    38 |    40 |       ||    78
       Chain mail        |       |    57 |   111 ||   168
Dodge: Dodged            |    65 |   134 |    57 ||   256

Table legend: (Time is in decaauts)
 A = Elapsed time spent in this place.
 B = Non-inter-level travel time spent in this place.
 C = Inter-level travel time spent in this place.
 D = Time resting spent in this place.
 E = Time spent auto-exploring this place.
 F = Levels seen in this place.
 G = Mean time per level.
                   A        B        C        D        E       F      G
               +--------+--------+--------+--------+--------+-----+--------+
         Total |   8137 |   7992 |    145 |    690 |   5983 |   8 | 1017.1 |
       Dungeon |   8006 |   7861 |    145 |    690 |   5858 |   7 | 1143.7 |
         Abyss |    131 |    131 |      0 |      0 |    125 |   1 |  131.0 |
               +--------+--------+--------+--------+--------+-----+--------+

Top non-repeatable levels by time:
     D:6: 1677 daAuts
     D:4: 1519 daAuts
     D:1: 1434 daAuts
     D:2: 1383 daAuts
     D:5: 1119 daAuts
     D:3: 864 daAuts
 Abyss:1: 131 daAuts
     D:7: 6 daAuts
